 Dungeon Crawl Stone Soup version 0.30-a0-824-g6c64550be9 (webtiles) character file.

Game seed: 6129335710600651453

4251 qeuew the Slasher (level 10, -11/76 HPs)
             Began as a Demonspawn Monk on Feb 27, 2023.
             Was a Priest of Nemelex Xobeh.
             Mangled by Gastronok the juggernaut (24 damage)
             ... on level 8 of the Dungeon.
             The game lasted 00:09:13 (6406 turns).

qeuew the Slasher (Demonspawn Monk)                 Turns: 6406, Time: 00:09:14

Health: -11/76     AC:  5    Str: 12 (13) XL:     10   Next: 10%
Magic:  15/15      EV: 17    Int: 11      God:    Nemelex Xobeh [***...]
Gold:   766        SH:  0    Dex: 28 (29) Spells: 9/9 levels left

rFire   . . .      SeeInvis .    a - +1 falchion
rCold   . . .      Faith    .    (no shield)
rNeg    . . .      Spirit   .    m - +0 troll leather armour {Pargi}
rPois   +          Reflect  .    (helmet restricted)
rElec   .          Harm     .    (no cloak)
rCorr   .          Rampage  .    (no gloves)
Will    .....                    (no boots)
Stlth   ++++                     (no amulet)
HPRegen 1.12/turn                l - +6 ring of dexterity
MPRegen 0.14/turn                (no ring)

@: no status effects
A: thin skeletal structure 2, ignite blood 1, spiny 1, demonic touch 2, beak,
deterioration 1, poison resistance
a: Renounce Religion, Draw Escape, Draw Destruction, Draw Summoning, Triple Draw


You were on level 8 of the Dungeon.
You worshipped Nemelex Xobeh.
Nemelex Xobeh was most pleased with you.
You visited 2 branches of the dungeon, and saw 9 of its levels.
You also visited: Sewer.

You collected 766 gold pieces.

Inventory:

Hand Weapons
 a - a +1 falchion (weapon)
Missiles
 r - a throwing net (quivered)
Armour
 m - a +0 troll leather armour (worn) {Pargi}
Jewellery
 l - a +6 ring of dexterity (left hand)
Wands
 p - a wand of mindburst (9)
 t - a wand of light (17)
Scrolls
 b - a scroll of amnesia
 d - 2 scrolls of enchant weapon
 e - a scroll of teleportation
 i - 2 scrolls of magic mapping
 k - 2 scrolls of blinking
 n - a scroll of enchant armour
 q - a scroll of identify
 s - a scroll of summoning {unknown}
Potions
 c - 2 potions of ambrosia
 f - a potion of curing
 g - a potion of flight
 h - 3 potions of heal wounds
 j - 2 potions of haste
 o - 2 potions of brilliance


   Skills:
 + Level 6.2 Fighting
 * Level 7.8 Long Blades
 + Level 6.0 Armour
 + Level 5.8 Dodging
 - Level 1.7 Stealth
 * Level 7.5 Invocations
 + Level 3.1 Evocations


You had 9 spell levels left.
You didn't know any spells.
Your spell library contained the following spells:

 Spells                   Type           Power      Damage    Failure   Level
 Beastly Appendage        Tmut           0%         N/A       41%         1
 Slow                     Hex            0%         N/A       41%         1
 Sting                    Tmut/Pois      0%         1d3       41%         1
 Ensorcelled Hibernation  Hex/Ice        0%         N/A       54%         2
 Passwall                 Tmut/Erth      0%         N/A       54%         2
 Poisonous Vapours        Pois/Air       0%         N/A       54%         2
 Sublimation of Blood     Necr           0%         N/A       54%         2
 Wereblood                Tmut           0%         N/A       54%         2
 Confusing Touch          Hex            0%         N/A       78%         3
 Spider Form              Tmut/Pois      0%         N/A       78%         3
 Swiftness                Air            0%         N/A       78%         3
 Vampiric Draining        Necr           0%         2d6       78%         3
 Olgreb's Toxic Radiance  Pois           0%         N/A       99%         4
 Petrify                  Tmut/Erth      0%         N/A       99%         4
 Irradiate                Conj/Tmut      0%         3d11      100%        5


Dungeon Overview and Level Annotations

Branches:
Dungeon (8/15)             Temple (1/1) D:4           Sewer (visited)
   Lair: D:8-11

Altars:
Ashenzari
Cheibriados
Kikubaaqudgha
Nemelex Xobeh
Okawaru
Qazlal
Ru
Sif Muna
Trog
Uskayaw
Wu Jian

Shops:
D:1 =   D:7 :

Annotations:
D:8 Gastronok


Innate Abilities, Weirdness & Mutations

You have a moderately thin skeletal structure. (Dex +4, Stealth++)
Your demonic aura sometimes causes spilled blood to erupt in flames.
You are partially covered in sharp spines.
Your touch may inflict irresistible damage on your foes.
You have a beak for a mouth.
Your body sometimes deteriorates upon taking damage.
Your system is resistant to poisons. (rPois)


Message History

You are too injured to fight recklessly!
You are too injured to fight recklessly!
You are too injured to fight recklessly!
You are too injured to fight recklessly!
You are too injured to fight recklessly!
You are too injured to fight recklessly!
You are too injured to fight recklessly!
You are too injured to fight recklessly!
You are too injured to fight recklessly!
Unknown command.
You barely miss Gastronok.
You touch Gastronok!
Gastronok is moderately wounded.
You hit Gastronok.
Gastronok is moderately wounded.
Gastronok chants a spell, wobbling all the while.
You slash Gastronok!
Gastronok is moderately wounded.
You slash Gastronok!
Gastronok is moderately wounded.
Gastronok sloshes about.
Gastronok completely misses you.
You completely miss Gastronok.
Gastronok is moderately wounded.
You hit Gastronok. You peck Gastronok.
Gastronok is heavily wounded.
You completely miss Gastronok.
You touch Gastronok!
Gastronok is heavily wounded.
Gastronok bites you!
Your body deteriorates!
You feel weakened.
You draw a card...
You have drawn Degeneration.
Gastronok evaporates and reforms as a juggernaut!
Gastronok twists and deforms.
The quokka evaporates and reforms as a river rat!
The river rat twists and deforms.
The river rat evaporates and reforms as a ball python!
The ball python twists and deforms.
Gastronok hits you!
* * * LOW HITPOINT WARNING * * *
Gastronok hits you!!
You die...
Your body glows with a rainbow of weird colours and disappears.

#.####.####
#...##.###
#...##...##
#...####..# #
#...# #.... #.
#...# #.... #..
#####...# #....
#...####.......#
#....
+..rC@.'......##
#####
#..S####......#
# ### ######## #
# #


You could see Gastronok the juggernaut (misshapen), a river rat (summoned,
misshapen) and a ball python (summoned, misshapen).

Vanquished Creatures
  A two-headed ogre (D:8)
  A wraith (D:5)
  A steam dragon (D:7)
  2 wyverns
  2 water moccasins
  4 black bears
  4 sky beasts (D:7)
  Pargi (D:3)
  3 ice beasts (D:7)
  2 ogres
  6 bullfrogs
  4 scorpions
  A necrophage (D:7)
  2 howler monkeys
  3 hounds
  5 orc priests
  A gnoll bouda (D:7)
  Terence (D:2)
  6 iguanas
  5 orc wizards
  4 gnolls
  11 adders
  2 white imps (D:7)
  3 ufetubi
  3 worms
  6 dart slugs
  29 orcs
  12 ball pythons
  A bat (D:3)
  7 endoplasms
  14 giant cockroaches
  7 hobgoblins
  5 jackals
  8 kobolds
  7 quokkas
  6 frilled lizards (Sewer)
  4 goblins
  5 rats
189 creatures vanquished.

Notes
Turn   | Place    | Note
-------+----------+-------------------------------------------
     0 | D:1      | qeuew the Demonspawn Monk began the quest for the Orb.
     0 | D:1      | Reached XP level 1. HP: 18/18 MP: 1/1
   113 | D:1      | Gained mutation: You have a somewhat thin skeletal
                  | structure. (Dex +2, Stealth+) [demonic ancestry]
   113 | D:1      | Reached XP level 2. HP: 20/24 MP: 2/2
   324 | D:1      | Reached skill level 1 in Armour
   361 | D:1      | Found Musaef Dig's Jewellery Boutique.
   657 | D:1      | Reached XP level 3. HP: 29/29 MP: 3/3
  1065 | D:2      | Noticed Terence
  1077 | D:2      | Killed Terence
  1152 | D:2      | Gained mutation: Your touch may inflict minor irresistible
                  | damage on your foes. [demonic ancestry]
  1152 | D:2      | Reached XP level 4. HP: 20/35 MP: 4/4
  1694 | D:3      | Found a glowing drain.
  1732 | Sewer    | Entered a sewer
  1918 | Sewer    | Reached XP level 5. HP: 41/41 MP: 5/5
  2054 | Sewer    | Gained mutation: Your touch may inflict irresistible damage
                  | on your foes. [demonic ancestry]
  2054 | Sewer    | Reached XP level 6. HP: 15/48 MP: 6/6
  2193 | D:3      | Noticed Pargi
  2203 | D:3      | Killed Pargi
  2851 | D:4      | Identified the +2 robe of Viwubro {rF+ rC+ MP+9}
  3132 | D:4      | HP: 2/48 [black bear (8)]
  3135 | D:4      | Gained mutation: You have a moderately thin skeletal
                  | structure. (Dex +4, Stealth++) [demonic ancestry]
  3135 | D:4      | Reached XP level 7. HP: 33/54 MP: 7/7
  3216 | D:4      | Reached skill level 5 in Long Blades
  3560 | D:4      | Gained mutation: You are partially covered in sharp spines.
                  | [demonic ancestry]
  3560 | D:4      | Reached XP level 8. HP: 61/61 MP: 8/8
  3705 | D:4      | Found a staircase to the Ecumenical Temple.
  3732 | Temple   | Entered the Ecumenical Temple
  3740 | Temple   | Became a worshipper of Nemelex Xobeh the Trickster
  3740 | Temple   | Reached * piety under Nemelex Xobeh
  3740 | Temple   | Received a gift from Nemelex Xobeh
  3740 | Temple   | Reached ** piety under Nemelex Xobeh
  3815 | D:5      | Entered Level 5 of the Dungeon
  3821 | D:5      | Reached skill level 1 in Invocations
  3837 | D:5      | Found an iron altar of Okawaru.
  3841 | D:5      | Found a sacrificial altar of Ru.
  3965 | D:5      | Reached skill level 5 in Fighting
  4175 | D:5      | Reached skill level 5 in Armour
  4393 | D:6      | Found a snail-covered altar of Cheibriados.
  4529 | D:6      | Reached skill level 5 in Dodging
  4539 | D:6      | Received a gift from Nemelex Xobeh
  4727 | D:6      | Reached skill level 1 in Evocations
  5023 | D:7      | Found a broken altar of Ashenzari.
  5167 | D:7      | Gained mutation: Your demonic aura sometimes causes spilled
                  | blood to erupt in flames. [demonic ancestry]
  5167 | D:7      | Reached XP level 9. HP: 68/68 MP: 12/12
  5182 | D:7      | Reached skill level 5 in Invocations
  5451 | D:7      | Reached *** piety under Nemelex Xobeh
  5920 | D:7      | Found Joalok's Book Shop.
  6117 | D:7      | Gained mutation: You have a beak for a mouth. [potion of
                  | mutation]
  6117 | D:7      | Gained mutation: Your body sometimes deteriorates upon
                  | taking damage. [potion of mutation]
  6117 | D:7      | Gained mutation: Your system is resistant to poisons.
                  | (rPois) [potion of mutation]
  6214 | D:8      | Noticed a two-headed ogre
  6221 | D:8      | Killed a two-headed ogre
  6222 | D:8      | Reached XP level 10. HP: 71/76 MP: 15/15
  6390 | D:8      | Noticed Gastronok
  6406 | D:8      | Gastronok changed into Gastronok the juggernaut
  6406 | D:8      | Noticed Gastronok
  6406 | D:8      | Mangled by Gastronok the juggernaut

Illustrated notes

Levels and vault maps discovered:
D:1:      dpeg_arrival_boxes_within_box, layout_basic, serial_shops, shop
D:2:      layout_rooms, uniq_terence
D:3:      layout_loops_cross, serial_glass, glass_columns_a, glass_columns_a,
          glass_columns_b, glass_columns_a, gup_sewer_entry_glass, uniq_pargi
D:4:      layout_basic, minmay_temple_entry_nine_rooms, minmay_quadrilaterals
D:5:      layout_rooms, mainiacjoe_overflow_catwalk_spiral
D:6:      layout_loops_ring, kennysheep_mini
D:7:      minmay_polygon_palace, layout_loops_corners,
          mainiacjoe_overflow_six_doors_small, serial_shops, shop
D:8:      layout_basic, uniq_gastronok
Temple:   hc_temple_tempest_star

Skill      XL: |  1  2  3  4  5  6  7  8  9 |
---------------+----------------------------+-----
Long Blades    | 3 4 5 6 7 |  7.8
Armour         | 1 2 3 4 5 6 |  6.0
Dodging        | 3 4 5 |  5.8
Fighting       | 4 5 6 |  6.2
Invocations    | 4 7 |  7.5
Evocations     | 1 3 |  3.1
Stealth        | |  1.7

Action                     |  1- 3 |  4- 6 |  7- 9 | 10-12 || total
---------------------------+-------+-------+-------+-------++-------
  Melee: Falchion          |    75 |   155 |   210 |    18 ||   458
         Punch             |     1 |     1 |     1 |     1 ||     4
         Touch             |       |    29 |    51 |     5 ||    85
         Peck              |       |       |     5 |     5 ||    10
 Invoke: Draw Destruction  |       |       |       |     1 ||     1
    Use: Scroll            |     2 |     6 |     3 |       ||    11
         Potion            |     2 |     3 |     3 |       ||     8
   Stab: Sleeping          |    13 |    17 |    14 |       ||    44
 Armour: Robe              |    13 |    11 |       |       ||    24
         Troll leather arm |       |    29 |    41 |     1 ||    71
  Dodge: Dodged            |    48 |   145 |   145 |     3 ||   341

Table legend: (Time is in decaauts)
 A = Elapsed time spent in this place.
 B = Non-inter-level travel time spent in this place.
 C = Inter-level travel time spent in this place.
 D = Time resting spent in this place.
 E = Time spent auto-exploring this place.
 F = Levels seen in this place.
 G = Mean time per level.
                   A        B        C        D        E       F      G
               +--------+--------+--------+--------+--------+-----+--------+
         Total |   6455 |   6241 |    214 |      0 |   4892 |  10 |  645.5 |
       Dungeon |   6054 |   5857 |    197 |      0 |   4670 |   8 |  756.8 |
        Temple |     20 |      3 |     17 |      0 |      0 |   1 |   20.0 |
         Sewer |    380 |    380 |      0 |      0 |    221 |   1 |  380.0 |
               +--------+--------+--------+--------+--------+-----+--------+

Top non-repeatable levels by time:
     D:7: 1120 daAuts
     D:4: 973 daAuts
     D:1: 963 daAuts
     D:3: 870 daAuts
     D:6: 701 daAuts
     D:2: 663 daAuts
     D:5: 483 daAuts
   Sewer: 380 daAuts
     D:8: 277 daAuts
  Temple: 20 daAuts
